 Dungeon Crawl Stone Soup version 0.30-a0-165-g1891117ce2 (webtiles) character file.

Game seed: 2476607128417199658

307066 Flugkiller the Bewitcher (level 22, -2/199 HPs)
             Began as a Meteoran Chaos Knight on Sept 28, 2022.
             Was a Favourite Plaything of Xom.
             Slain by Mara
             ... wielding a +1 demon trident of venom
              (21 damage)
             ... on level 2 of the Vaults.
             The game lasted 02:58:36 (17874 turns).

Flugkiller the Bewitcher (Meteoran Chaos Knight)   Turns: 17874, Time: 02:58:36

Health: -2/199     AC: 24    Str: 18    XL:     22   Next: 59%
Magic:  35/40      EV: 14    Int: 22    God:    Xom [..*...]
Gold:   1556       SH:  0    Dex: 12    Spells: 1/47 levels left

rFire   . . .      SeeInvis .      - Unarmed
rCold   + . .      Faith    .    (shield currently unavailable)
rNeg    . . .      Spirit   .    b - +3 scale mail {rC+}
rPois   .          Reflect  .    (helmet restricted)
rElec   +          Harm     .    E - +2 cloak
rCorr   .          Rampage  .    (gloves currently unavailable)
Will    +++..                    U - +2 pair of boots
Stlth   ..........               D - amulet of magic regeneration
HPRegen 0.43/turn                T - ring "Cuecw" {rElec Will+ AC+4 Int+4}
MPRegen 0.67/turn                p - +4 ring of protection

@: brilliant, blade hands, very slightly contaminated, glowing
A: sense surroundings 3, otherworldly, glowing, explore regen, hooves 1, horns
1, clumsy 1, deformed body, deterioration 2, dopey 1, mutation resistance 2,
weak 1, no potion heal 1
}: 3/15 runes: serpentine, barnacled, slimy
a: End Transformation, Renounce Religion


You were on level 2 of the Vaults.
You worshipped Xom.
You were a toy of Xom.
You had blades for hands.
You visited 7 branches of the dungeon, and saw 38 of its levels.
You also visited: Gauntlet and Ice Cave.

You collected 5042 gold pieces.
You spent 3486 gold pieces at shops.

Inventory:

Hand Weapons
 a - the +7 battleaxe "Zout" {vamp, rCorr Int+5}
   (You found it on level 5 of the Lair of Beasts)

   It occasionally heals its wielder for a portion of the damage dealt when it
   wounds a living foe.
   Int:       It affects your intelligence (+5).
   rCorr:     It protects you from acid and corrosion.
Missiles
 i - 10 silver boomerangs
 u - 18 silver javelins
Armour
 b - a +3 scale mail of cold resistance (worn)
   (You found it in an ice cave)
 j - a +2 buckler of cold resistance
   (You found it in an ice cave)
 v - a +2 kite shield of reflection
   (You took it off a naga warrior on level 2 of the Snake Pit)
 x - +0 swamp dragon scales
   (You found it on level 2 of the Snake Pit)
 E - a +2 cloak (worn)
   (You found it on level 9 of the Dungeon)
 S - the +1 pair of gloves "Colaeng" (melded) {Regen+ Int+3 Dex-4}
   (You found it in a Gauntlet)

   Int:       It affects your intelligence (+3).
   Dex:       It affects your dexterity (-4).
   Regen:     It increases your rate of health regeneration.
 U - a +2 pair of boots (worn)
   (You found it in a Gauntlet)
 X - a +2 helmet
   (You found it on level 4 of the Lair of Beasts)
Jewellery
 f - a ring of protection from fire
   (You found it on level 2 of the Snake Pit)
 o - a ring of wizardry
   (You found it on level 4 of the Snake Pit)
 p - a +4 ring of protection (right blade hand)
   (You found it on level 1 of the Dungeon)
 y - a ring of ice
   (You found it on level 1 of the Dungeon)
 D - an amulet of magic regeneration (around neck)
   (You found it on level 1 of the Snake Pit)
 T - the ring "Cuecw" (left blade hand) {rElec Will+ AC+4 Int+4}
   (You bought it in a shop on level 2 of the Orcish Mines)

   [ring of protection]

   AC:        It affects your AC (+4).
   Int:       It affects your intelligence (+4).
   rElec:     It insulates you from electricity.
   Will:      It increases your willpower.
 Z - the ring of Lioxkyot {rPois Will+ rCorr}
   (You took it off a minotaur in a Gauntlet)

   [ring of resist corrosion]

   rPois:     It protects you from poison.
   rCorr:     It protects you from acid and corrosion.
   Will:      It increases your willpower.
Wands
 k - a wand of mindburst (20)
   (You found it on level 5 of the Dungeon)
 m - a wand of quicksilver (4)
   (Xom gifted it to you on level 2 of the Orcish Mines)
 C - a wand of charming (15)
   (You found it on level 8 of the Dungeon)
 R - a wand of digging (2)
   (You found it on level 1 of the Snake Pit)
 Y - a wand of roots (26)
   (You found it on level 2 of the Dungeon)
Scrolls
 g - 6 scrolls of amnesia
 t - 3 scrolls of teleportation
 z - 3 scrolls of blinking
 F - 4 scrolls of vulnerability
 G - a scroll of enchant armour
 H - 6 scrolls of fear
 I - 2 scrolls of torment
 L - 11 scrolls of immolation
 P - a scroll of summoning
 Q - 2 scrolls of butterflies
 V - 2 scrolls of silence
 W - 3 scrolls of magic mapping
Potions
 c - 6 potions of brilliance
 d - a potion of might
 h - 5 potions of haste
 n - 2 potions of resistance
 q - 10 potions of curing
 r - 2 potions of cancellation
 w - a potion of heal wounds
 B - 5 potions of ambrosia
 J - 2 potions of lignification
 K - 3 potions of mutation
 O - 2 potions of magic
Miscellaneous
 e - a tin of tremorstones (2/2)
   (You found it in an ice cave)
 l - a condenser vane
   (You found it on level 5 of the Pits of Slime)
 s - a box of beasts
   (You found it on level 5 of the Pits of Slime)
 A - a lightning rod (4/4)
   (You found it on level 1 of the Snake Pit)
 M - a phial of floods
   (You found it on level 10 of the Dungeon)
 N - a phantom mirror
   (You found it on level 10 of the Dungeon)


   Skills:
 - Level 17.0 Fighting
 - Level 11.0 Armour
 - Level 11.0 Dodging
 + Level 7.5 Shields
 - Level 17.0 Unarmed Combat
 - Level 13.0 Spellcasting
 - Level 8.0 Conjurations
 - Level 20.7 Hexes
 - Level 9.3 Necromancy
 - Level 10.0 Transmutations
 - Level 10.1 Earth Magic
 - Level 10.0 Evocations


You had one spell level left.
You knew the following spells:

 Your Spells              Type           Power      Damage    Failure   Level
a - Borgnjor's Vile Clut  Necr/Erth      35%        N/A       36%         5
b - Enfeeble              Hex            51%        N/A       21%         7
c - Blade Hands           Tmut           36%        N/A       32%         5
d - Cause Fear            Hex            51%        N/A       4%          4
e - Tukima's Dance        Hex            100%       N/A       3%          3
f - Leda's Liquefaction   Hex/Erth       44%        N/A       9%          4
g - Yara's Violent Unrav  Hex/Tmut       44%        3d17      12%         5
h - Discord               Hex            51%        N/A       56%         8
i - Irradiate             Conj/Tmut      34%        3d23      41%         5

Your spell library contained the following spells:

 Spells                   Type           Power      Damage    Failure   Level
 Slow                     Hex            100%       N/A       3%          1
 Sandblast                Erth           100%       2d20      9%          1
 Kiss of Death            Conj/Necr      100%       2d13      10%         1
 Confusing Touch          Hex            100%       N/A       3%          3
 Dazzling Flash           Conj/Hex       100%       N/A       7%          3
 Anguish                  Hex/Necr       44%        N/A       9%          4
 Passwall                 Tmut/Erth      60%        N/A       10%         2
 Fulminant Prism          Conj/Hex       43%        3d20      10%         4
 Sublimation of Blood     Necr           70%        N/A       11%         2
 Inner Flame              Hex/Fire       74%        N/A       12%         3
 Portal Projectile        Hex/Tloc       100%       N/A       12%         3
 Summon Guardian Golem    Hex/Summ       74%        N/A       12%         3
 Vampiric Draining        Necr           70%        2d11      13%         3
 Stone Arrow              Conj/Erth      100%       3d13      14%         3
 Petrify                  Tmut/Erth      73%        N/A       21%         4
 Dispel Undead            Necr           70%        3d24      24%         4
 Summon Mana Viper        Hex/Summ       74%        N/A       30%         5
 Lee's Rapid Deconstruct  Erth           36%        3d19*     32%         5
 Ignite Poison            Fire/Tmut/Pois 43%        N/A       43%         3
 Flame Wave               Conj/Fire      47%        2d12      65%         4
 Iskenderun's Mystic Bla  Conj/Tloc      47%        2d10      65%         4
 Sticky Flame             Conj/Fire      47%        2d6       65%         4
 Call Canine Familiar     Summ           21%        N/A       75%         3
 Kindle Blastsparks       Fire/Tloc/Air  42%        2d13      75%         3
 Teleport Other           Tloc           21%        N/A       75%         3
 Alistair's Intoxication  Tmut/Pois      35%        N/A       78%         5
 Summon Lightning Spire   Summ/Air       21%        N/A       96%         4
 Freezing Cloud           Conj/Ice/Air   19%        6-21      96%         5
 Dragon Form              Tmut           36%        N/A       98%         7
 Eringya's Noxious Bog    Tmut/Pois      26%        N/A       99%         6
 Summon Forest            Summ/Tloc      10%        N/A       100%        5
 Conjure Ball Lightning   Conj/Air       23%        3x3d6     100%        6
 Starburst                Conj/Fire      23%        6d8       100%        6
 Malign Gateway           Summ/Tloc      10%        N/A       100%        7
 Summon Hydra             Summ           10%        N/A       100%        7
 Disjunction              Tloc           10%        N/A       100%        8
 Ignition                 Fire           10%        3d5       100%        8
 Lehudib's Crystal Spear  Conj/Erth      34%        10d9      100%        8
 Dragon's Call            Summ           10%        N/A       100%        9


Dungeon Overview and Level Annotations

Branches:
Dungeon (15/15) Zot: 1366  Temple (0/1) D:7            Lair (5/5) D:10 Zot: 608
 Shoals (4/4) Lair:2 Zot: 1157   Snake (4/4) Lair:2 Zot: 59   Slime (5/5) Lair:4 Zot: 2190
    Orc (2/2) D:11 Zot: 167     Elf (0/3) Orc:2        Vaults (3/5) D:13 Zot: 1021
 Depths (0/4) D:15          IceCv (visited)         Gauntlet (visited)
  Crypt: Vaults:2-3

Altars:
Cheibriados
Dithmenos
Elyvilon
Fedhas
Gozag
Hepliaklqana
Kikubaaqudgha
Makhleb
Nemelex Xobeh
Okawaru
Uskayaw
Vehumet
Xom
Yredelemnul
Zin
Jiyva

Shops:
D:9 *   D:10 (   D:14 *   D:15 *([   Orc:2 ?[[=(   Shoals:1 ?   Snake:3 !

Annotations:
D:14 3 runed translucent doors, Maiffull's ghost, journeyman TrMo
Lair:2 exclusion: 4 oklob plants
Lair:4 3 runed translucent doors, Atont's ghost, journeyman DDFi
Shoals:2 4 transporters
Snake:4 2 transporters, Zibatyor's ghost, journeyman MiFi
Vaults:2 Mara


Innate Abilities, Weirdness & Mutations

You have blades for hands.
Your spellcasting is less reliable in this form.
You are incapable of wielding weapons or throwing items.
You passively map a large area around you.
You are easily found by Zot.
You glow in the dark.
You regain HP and MP as you explore.
You have large cloven feet.
You have a pair of small horns on your head.
You are clumsy. (Dex -2)
Armour fits poorly on your strangely shaped body.
Your body often deteriorates upon taking damage.
You are dopey. (Int -2)
You are somewhat resistant to both further mutation and mutation removal.
You are weak. (Str -2)
Potions are less effective at restoring your health.


Message History

Casting: Yara's Violent Unravelling (mildly dangerous; 1% risk of failure)
Confirm with . or Enter, or press ? or * to list all spells.
Aiming: Borgnjor's Vile Clutch (mildly dangerous; 4% risk of failure)
Press: ? - help, Shift-Dir - straight line, f - tengu reaver
Aim: a tengu reaver, wielding a +0 bardiche of venom and wearing a +1 scale mail of cold resistance (lightly wounded, slow, 100% to hit)
You feel a surge of power!
Zombie hands grab the tengu reaver.
The zombie hands constrict the tengu reaver!
The tengu reaver hits you from afar with a +0 bardiche of venom!!
You are poisoned.
The zombie hands constrict the tengu reaver!
You feel very sick.
You are too injured to fight recklessly!
You pummel the tengu reaver!!
You headbutt the tengu reaver, but do no damage.
The tengu reaver is heavily wounded.
The zombie hands constrict the tengu reaver!
You feel sick.
The tengu reaver hits you with a +0 bardiche of venom!!
You are more poisoned.
The tengu reaver closely misses you. x2
Casting: Borgnjor's Vile Clutch (mildly dangerous; 4% risk of failure)
Confirm with . or Enter, or press ? or * to list all spells.
You feel a surge of power!
You erupt in a fountain of uncontrolled magic!
The tengu reaver is blasted with magical radiation!!
You kill the tengu reaver!
You are very lightly contaminated with residual magic.
You feel extremely sick.
Unknown command.
You feel extremely sick.
Things that are here:
a +0 bardiche of venom; a +1 scale mail of cold resistance You feel extremely sick.
You feel very sick.
You open the door.
You feel very sick.
You feel very sick.
There is an open door here.
You feel very sick.
You feel sick.
You feel sick.
You feel sick.
You feel sick.
A yaktaur captain and 2 yaktaurs come into view.
You feel sick.
The yaktaur shouts! x2
Xom grants you a minor favour.
Your system partially rejects the healing.
You feel much better.
You hear a shout!
A yaktaur comes into view.
The yaktaur wields a +0 arbalest.
The yaktaur shoots a bolt.
The bolt hits you!
Unknown command.
You feel sick.
You feel sick.
Casting: Irradiate (mildly dangerous; 6% risk of failure)
Confirm with . or Enter, or press ? or * to list all spells.
You feel a surge of power!
Your hands turn into razor-sharp scythe blades.
The +1 pair of gloves "Colaeng" {Regen+ Int+3 Dex-4} melds into your body.
You feel sick.
You are no longer poisoned.
You slice the yaktaur!! You slash the yaktaur!
You kill the yaktaur!
Your magical contamination has completely faded away.
You slice the yaktaur captain!!
The yaktaur captain is moderately wounded.
The yaktaur captain hits you but does no damage.
You slash the yaktaur captain!
You headbutt the yaktaur captain, but do no damage.
You slash the yaktaur captain.
The yaktaur captain is severely wounded.
The yaktaur captain hits you but does no damage.
You shred the yaktaur captain!!!
You kill the yaktaur captain!
You shred the yaktaur!!!
You kill the yaktaur!
Mara, Lord of Illusions comes into view.
He is wielding a +1 demon trident of venom and wearing a +2 robe of cold resistance.
Unknown command.
Casting: Blade Hands (dangerous; 32% risk of failure)
Confirm with . or Enter, or press ? or * to list all spells.
You feel a surge of power!
You miscast Irradiate.
You are very lightly contaminated with residual magic.
Multicoloured lights dance before your eyes.
Mara shimmers.
Mara shimmers and seems to become three!
Casting: Irradiate (dangerous; 41% risk of failure)
Confirm with . or Enter, or press ? or * to list all spells.
You feel a surge of power!
You miscast Irradiate.
Nothing appears to happen.
Mara gestures at you. The bolt of fire hits you!!!
* * * LOW HITPOINT WARNING * * *
Mara blinks!
Mara gestures at you. The bolt of fire hits you!!!
* * * LOW HITPOINT WARNING * * *
Mara hits you with a +1 demon trident of venom!!
You die...
Xom guffaws!

, #...... , #...... ,, * ** ####
#...<.. ,,, * * ...# #...... ,,
*, ..# ####### * ..# #.. , ,,
,##ยง# #.. , ,, #RR# #..
#c....#@# #.. , * .c.....#.# #..
, .c..####.# #.. .c. #....#
######' p############'###########
#......
pQ..............#........*#......
....)....[......#........*#..#..#
...).......)....#........ #....##
#####...#.###...#........ #...##


You could see 2 Maras.

Vanquished Creatures
  Nikola (Shoals:2)
  Jorgrun (D:14)
  Mlioglotl (Shoals:2)
  A tentacled monstrosity (Snake:2)
  The ghost of Dacluamp the Devastator, an adept DsCj of Gozag (Shoals:2)
  10 acid blobs
  Polyphemus (Shoals:4)
  2 thorn hunters (Snake:2)
  A nagaraja (Snake:3)
  A tengu reaver (Vaults:2)
  Kirke (D:14)
  5 azure jellies (Slime:5)
  The ghost of WLBjork the Severer, a journeyman HOMo of Beogh (Shoals:4)
  3 rockslimes
  Ilsuiw (Shoals:2)
  Aizul (Snake:2)
  Louise (Shoals:2)
  2 orc warlords (Orc:2)
  2 ironbound thunderhulks
  2 ironbound preservers
  2 war gargoyles
  An apis (D:12)
  9 quicksilver oozes
  An ettin (Orc:2)
  2 blizzard demons (IceCv)
  A minotaur (Gauntlet)
  Snorg (Lair:5)
  A crystal guardian (Vaults:1)
  3 yaktaur captains
  5 merfolk impalers
  4 great orbs of eyes
  Josephine (D:10)
  An entropy weaver (Vaults:2)
  A vault guard (D:13)
  3 salamander tyrants
  2 ogre magi (D:15)
  7 hydras
  3 boulder beetles
  An alligator (Snake:2)
  5 anacondas
  A merfolk aquamancer (Shoals:4)
  A death knight (D:12)
  An alligator snapping turtle (Snake:4)
  6 centaur warriors
  2 catoblepae
  15 two-headed ogres
  5 death yaks
  7 naga warriors
  A satyr (Shoals:4)
  A deep troll shaman (Lair:5)
  13 naga sharpshooters
  An orc high priest (Orc:2)
  7 shock serpents
  2 salamander mystics
  9 skeletal warriors
  10 deep trolls
  A flayed ghost (D:15)
  5 sea snakes
  6 swamp dragons (Snake:2)
  3 wizards
  7 spriggan simulacra (IceCv)
  2 lindwurms
  3 naga ritualists
  An obsidian statue (IceCv)
  An ironbound convoker (Vaults:2)
  A bog body (IceCv)
  A harpy (Shoals:4)
  3 necromancers
  3 mana vipers
  2 orc knights (Orc:2)
  A stone giant zombie (D:15)
  10 cyclopes
  6 manticores
  A wolf spider (D:15)
  3 shining eyes
  3 orc sorcerers (Orc:2)
  8 salamanders
  An ugly thing (Vaults:2)
  Maurice (D:10)
  2 vault sentinels
  4 water nymphs
  3 guardian serpents (Snake:4)
  2 elephants
  3 centaur zombies (D:10)
  A frost giant skeleton (D:15)
  A black mamba (shapeshifter) (Orc:2)
  A molten gargoyle (Gauntlet)
  4 merfolk sirens
  5 naga magi
  A smoke demon (Gauntlet)
  24 black mambas
  A centaur skeleton (D:12)
  2 eyes of devastation (Slime:3)
  9 cane toads
  2 unseen horror zombies (D:10)
  2 gargoyles
  2 kobold demonologists (D:13)
  5 komodo dragons
  4 rime drakes
  2 yaktaurs (Vaults:2)
  An efreet (D:13)
  7 ice devils (IceCv)
  A red devil (Gauntlet)
  2 anaconda simulacra (IceCv)
  A queen bee (Lair:2)
  2 spectral merfolk (Shoals:4)
  A spectral water nymph (Shoals:4)
  5 polar bears
  9 merfolk
  8 trolls
  2 meliai (D:15)
  A spriggan skeleton (D:15)
  3 wind drakes
  Grinder (D:5)
  A hornet (D:10)
  A spectral manticore (Shoals:4)
  39 slime creatures
  8 dream sheep
  8 saltlings (Orc:2)
  13 blink frogs
  A snapping turtle (Shoals:3)
  A meliai zombie (D:12)
  2 vampires
  A shadow (D:10)
  60 yaks
  2 water elementals
  5 wyverns
  A dire elephant simulacrum (IceCv)
  6 wraiths
  3 golden eyes (Slime:1)
  A hog (D:14)
  20 humans (D:13)
  3 basilisks
  7 minotaur simulacra (IceCv)
  4 wargs
  20 vampire mosquitoes
  2 steam dragons
  2 harpy simulacra (IceCv)
  A sea snake simulacrum (Shoals:4)
  A two-headed ogre zombie (D:11)
  3 swamp worms (Snake:2)
  Menkaure (D:6)
  21 nagas
  3 acid dragons
  10 water moccasins
  19 orc warriors
  A swamp drake (Snake:2)
  A meliai simulacrum (D:12)
  3 ice beasts
  A sky beast (D:6)
  3 alligator simulacra (IceCv)
  4 black bears
  An ettin simulacrum (IceCv)
  10 centaurs
  7 ogres
  14 wolves
  2 phantoms (D:11)
  6 kobold brigands
  9 bullfrogs
  A gnoll sergeant (D:11)
  5 scorpions
  4 necrophages
  10 deep troll simulacra (IceCv)
  10 wights
  2 troll zombies (D:11)
  2 merfolk simulacra (Shoals:4)
  3 lindwurm simulacra (IceCv)
  40 killer bees
  A snapping turtle simulacrum (Shoals:4)
  6 howler monkeys
  3 crimson imps
  A hound (D:4)
  A jelly (Lair:4)
  23 orc priests
  A human zombie (D:10)
  A cyclops simulacrum (Shoals:4)
  21 orc wizards
  2 hell rats (Lair:2)
  5 ogre zombies (D:11)
  A mummy (D:10)
  A howler monkey zombie (D:10)
  16 gnolls
  11 adders
  A shadow imp (D:5)
  A white imp (D:7)
  2 ufetubi
  3 worms
  3 dart slugs
  60 orcs
  8 endoplasms
  5 giant cockroaches
  10 goblins
  8 hobgoblins
  5 quokkas
  4 ball pythons
  7 bats
  3 frilled lizards
  A goblin skeleton (D:11)
  2 goblin zombies (D:11)
  A hobgoblin skeleton (D:11)
  5 hobgoblin zombies (D:11)
  28 kobolds
  2 orc skeletons (D:11)
  10 orc zombies (D:11)
  3 rats
1047 creatures vanquished.

Vanquished Creatures (collateral kills)
  the Royal Jelly (Slime:5)
  2 acid blobs (Slime:5)
  3 azure jellies (Slime:5)
  5 rockslimes (Slime:5)
  2 vault wardens (Vaults:2)
  3 ironbound preservers (Vaults:2)
  3 quicksilver oozes (Slime:5)
  An ettin (Orc:2)
  2 merfolk impalers (Shoals:4)
  3 merfolk javelineers
  A great orb of eyes (Slime:5)
  A hydra (D:15)
  A salamander tyrant (Snake:4)
  A vault guard (Vaults:2)
  A peacekeeper (Vaults:1)
  5 centaur warriors (Vaults:1)
  2 ironbound frosthearts (Vaults:2)
  A merfolk avatar (Shoals:4)
  A merfolk aquamancer (Shoals:4)
  A catoblepas (Shoals:4)
  A boulder beetle (Vaults:2)
  A two-headed ogre (D:15)
  3 death yaks (Shoals:4)
  A satyr (Shoals:2)
  6 naga sharpshooters (Snake:4)
  A skeletal warrior (D:15)
  4 sea snakes
  6 deep trolls (Vaults:2)
  A kraken simulacrum (Shoals:4)
  4 naga ritualists (Snake:4)
  3 ironbound convokers
  A harpy (Shoals:4)
  2 lindwurms (Vaults:2)
  3 mana vipers (Snake:4)
  6 manticores
  A faun (Shoals:2)
  5 salamanders
  A merfolk siren (Shoals:2)
  A frost giant skeleton (D:15)
  2 black mambas (Snake:4)
  3 naga magi (Snake:4)
  A gargoyle (Gauntlet)
  A water nymph (Shoals:3)
  2 guardian serpents (Snake:4)
  4 yaktaurs (Vaults:2)
  A rime drake (Lair:2)
  A meliai (D:15)
  13 merfolk
  4 wind drakes (Shoals:4)
  36 slime creatures
  A tarantella (Vaults:2)
  A culicivora (Vaults:2)
  2 yaks
  4 redbacks
  5 nagas (Snake:4)
  An orc warrior (Orc:2)
  A killer bee (Lair:2)
  2 orcs (Orc:1)
176 creatures vanquished.

Vanquished Creatures (others)
  2 acid blobs (Slime:5)
  A rockslime (Slime:5)
  A merfolk javelineer (Shoals:4)
  An anaconda (Snake:4)
  A centaur warrior (Vaults:1)
  A naga warrior (Snake:4)
  A skeletal warrior (D:13)
  A salamander mystic (Snake:4)
  A faun (Shoals:2)
  A guardian serpent (Snake:4)
  2 merfolk sirens
  2 merfolk (Shoals:4)
  5 slime creatures
  A snapping turtle (Shoals:2)
  A dancing weapon (Orc:2)
  2 wraiths (D:10)
  A sea snake simulacrum (Shoals:4)
  A centaur (D:10)
  A briar patch (Snake:2)
  19 fungi
  3 pillars of salt (Orc:2)
  38 plants
  2 withered plants (D:15)
89 creatures vanquished.

Grand Total: 1312 creatures vanquished

Notes
Turn   | Place    | Note
-------+----------+-------------------------------------------
     0 | D:1      | Flugkiller the Meteoran Chaos Knight began the quest for
                  | the Orb.
     0 | D:1      | Reached XP level 1. HP: 19/19 MP: 2/2
     7 | D:1      | Noticed an ogre
    27 | D:1      | Reached XP level 2. HP: 26/26 MP: 3/3
    55 | D:1      | XOM: divination: detect items
    74 | D:1      | Found a faded altar of an unknown god.
   106 | D:1      | Reached XP level 3. HP: 21/31 MP: 4/4
   208 | D:1      | XOM: silly message
   234 | D:1      | XOM: divination: detect items
   460 | D:2      | Reached XP level 4. HP: 30/40 MP: 5/5
   469 | D:2      | Reached skill level 5 in Unarmed Combat
   673 | D:2      | Reached XP level 5. HP: 27/46 MP: 6/6
   746 | D:2      | XOM: silly message
   781 | D:3      | XOM: potion effect (berserk rage)
   790 | D:3      | Noticed a centaur
   794 | D:3      | XOM: potion effect (heal wounds)
   805 | D:3      | Killed a centaur
   806 | D:3      | Reached XP level 6. HP: 44/53 MP: 7/7
   852 | D:3      | Identified the ring of Zygalihekk {rCorr Str+6}
   893 | D:3      | You fall into a shaft and drop 1 floor!
   920 | D:3      | Noticed an ice beast
   931 | D:3      | Reached skill level 1 in Evocations
   938 | D:3      | Killed an ice beast
   941 | D:3      | Reached XP level 7. HP: 56/60 MP: 8/8
   974 | D:3      | XOM: smoke on damage
  1204 | D:3      | Found an ancient bone altar of Kikubaaqudgha.
  1234 | D:4      | Reached skill level 5 in Fighting
  1244 | D:4      | Found a snail-covered altar of Cheibriados.
  1384 | D:5      | Entered Level 5 of the Dungeon
  1415 | D:5      | Reached XP level 8. HP: 70/70 MP: 9/9
  1637 | D:4      | XOM: draining
  1760 | D:5      | XOM: enchant monster (bad)
  1884 | D:5      | Reached skill level 5 in Evocations
  1889 | D:5      | Noticed Grinder
  1892 | D:5      | XOM: confusion (+ monsters)
  1916 | D:5      | Killed Grinder
  1958 | D:5      | Gained mutation: You passively map the area around you.
                  | [Meteoran growth]
  1958 | D:5      | Reached XP level 9. HP: 53/79 MP: 10/10
  1962 | D:5      | Found a sparkling altar of Nemelex Xobeh.
  1996 | D:5      | Found an iron altar of Okawaru.
  2147 | D:6      | Noticed an angel
  2147 | D:6      | Found a shimmering altar of Xom.
  2147 | D:6      | Found a glowing silver altar of Zin.
  2193 | D:6      | Found an opulent altar of Gozag.
  2204 | D:6      | XOM: summons friendly quasit
  2226 | D:6      | XOM: confuse monster(s)
  2247 | D:6      | XOM: enchant monster (bad)
  2254 | D:6      | XOM: enchant monster (bad)
  2265 | D:6      | Reached skill level 10 in Unarmed Combat
  2281 | D:6      | Found a hazy altar of Hepliaklqana.
  2282 | D:6      | Found a shadowy altar of Dithmenos.
  2298 | D:6      | XOM: scenery: 1 doors open
  2411 | D:6      | Found a white marble altar of Elyvilon.
  2411 | D:6      | XOM: 3-stop teleportation journey
  2425 | D:6      | Noticed Menkaure
  2442 | D:6      | XOM: destruction
  2450 | D:6      | XOM: fog
  2463 | D:6      | Killed Menkaure
  2464 | D:6      | Reached skill level 5 in Armour
  2469 | D:6      | Found a burning altar of Makhleb.
  2636 | D:7      | Found a radiant altar of Vehumet.
  2636 | D:7      | XOM: 7-stop teleportation journey
  2705 | D:7      | Found a staircase to the Ecumenical Temple.
  2728 | D:7      | XOM: polymorph white imp -> crimson imp
  2744 | D:7      | XOM: 6-stop teleportation journey
  2753 | D:7      | Reached XP level 10. HP: 88/88 MP: 11/11
  2808 | D:7      | XOM: polymorph orc -> gnoll
  2995 | D:8      | XOM: swap monsters
  2997 | D:8      | XOM: enchant monster (good)
  2997 | D:8      | XOM: smoke on damage
  3004 | D:8      | XOM: 1-stop teleportation journey
  3068 | D:8      | XOM: summons friendly ufetubus
  3123 | D:8      | XOM: potion effect (berserk rage)
  3159 | D:8      | XOM: noise
  3356 | D:8      | Found a hide-covered altar of Uskayaw.
  3374 | D:8      | XOM: summons 2 hostile shadow creatures
  3409 | D:8      | XOM: 1-stop teleportation journey
  3465 | D:8      | Found a blossoming altar of Fedhas.
  3533 | D:9      | Reached skill level 10 in Fighting
  3538 | D:9      | XOM: silly message
  3676 | D:9      | XOM: stat loss: -1 Dex (12/13)
  3678 | D:9      | Reached XP level 11. HP: 77/99 MP: 12/12
  3692 | D:9      | Found Ruasilics's General Store.
  3764 | D:9      | XOM: swap monsters
  3932 | D:9      | Bought a wand of roots (6) for 172 gold pieces
  3996 | D:10     | Entered Level 10 of the Dungeon
  4049 | D:10     | Found Kigaucou's Hydra Hut.
  4061 | D:10     | Noticed a five-headed hydra
  4084 | D:10     | XOM: confuse monster(s)
  4085 | D:10     | XOM: summons 2 friendly demons
  4097 | D:10     | XOM: noise
  4137 | D:10     | XOM: swap monsters
  4140 | D:10     | Reached skill level 5 in Dodging
  4142 | D:10     | XOM: swap monsters
  4149 | D:10     | XOM: give mutation
  4149 | D:10     | Gained mutation: Your spells are a little easier to cast,
                  | but a little less powerful. [Xom's mischief]
  4151 | D:10     | Noticed Maurice
  4161 | D:10     | Killed Maurice
  4173 | D:10     | Noticed a two-headed ogre
  4205 | D:10     | Killed a two-headed ogre
  4244 | D:10     | XOM: stat loss: -1 Dex (12/13)
  4263 | D:10     | XOM: summons 3 hostile shadow creatures
  4264 | D:10     | Noticed a two-headed ogre
  4290 | D:8      | XOM: swap monsters
  4300 | D:8      | Reached XP level 12. HP: 47/110 MP: 13/13
  4404 | D:10     | Found a staircase to the Lair.
  4452 | D:10     | XOM: summons 3 friendly demons
  4453 | D:10     | XOM: cleaving
  4502 | D:10     | Found a basalt altar of Yredelemnul.
  4604 | D:10     | XOM: scenery: create altars
  4613 | D:10     | Noticed Josephine
  4621 | D:10     | XOM: summons friendly ufetubus
  4630 | D:10     | Killed Josephine
  4647 | D:10     | XOM: divine lightning
  4835 | D:11     | XOM: enchant monster (good)
  4848 | D:11     | XOM: 1-stop teleportation journey
  4851 | D:11     | Noticed a two-headed ogre
  4853 | D:11     | XOM: fog
  4855 | D:11     | a two-headed ogre changed into an elephant
  4855 | D:11     | XOM: polymorph two-headed ogre -> elephant
  4857 | D:11     | XOM: summons friendly ufetubus
  5001 | D:11     | XOM: cleaving
  5021 | D:11     | Found a staircase to the Orcish Mines.
  5065 | D:11     | XOM: scenery: 1 doors open
  5082 | D:11     | XOM: 4-stop teleportation journey
  5233 | D:11     | Noticed a boulder beetle
  5236 | D:11     | XOM: god gift: staff of poison
  5242 | D:11     | XOM: cast spell 'Death Channel'
  5243 | D:11     | XOM: fake destruction
  5259 | D:11     | XOM: give mutation
  5259 | D:11     | Gained mutation: You have a pair of small horns on your
                  | head. [Xom's mischief]
  5260 | D:11     | XOM: swap monsters
  5269 | D:11     | Killed a boulder beetle
  5337 | Lair:1   | Entered Level 1 of the Lair of Beasts
  5340 | Lair:1   | XOM: 2-stop teleportation journey
  5343 | Lair:1   | Noticed a boulder beetle
  5370 | Lair:1   | XOM: butterfly on damage
  5371 | Lair:1   | Killed a boulder beetle
  5438 | Lair:2   | Reached XP level 13. HP: 85/119 MP: 14/14
  5441 | Lair:2   | XOM: give mutation
  5441 | Lair:2   | Gained mutation: You are frail. (-10% HP) [Xom's mischief]
  5444 | Lair:2   | Reached skill level 15 in Unarmed Combat
  5480 | Lair:2   | XOM: noise
  5555 | Lair:2   | XOM: cast spell 'Summon Hydra'
  5609 | Lair:1   | XOM: confuse monster(s)
  5643 | Lair:1   | XOM: fake destruction
  5752 | Lair:1   | Reached skill level 10 in Dodging
  5791 | Lair:2   | XOM: summons friendly shadow imp
  5829 | Lair:2   | XOM: scenery: create altars
  5832 | Lair:2   | XOM: confuse monster(s)
  5837 | Lair:2   | XOM: polymorph shadow imp -> lemure
  5856 | Lair:2   | XOM: give mutations
  5856 | Lair:2   | Gained mutation: You are partially covered in iridescent
                  | scales. (AC +2) [Xom's grace]
  5856 | Lair:2   | Gained mutation: You are agile. (Dex +4, Str/Int -1) [Xom's
                  | grace]
  5919 | Lair:2   | XOM: cleaving
  5988 | Lair:2   | Found a staircase to the Snake Pit.
  6073 | Lair:2   | Found a staircase to the Shoals.
  6086 | Lair:2   | XOM: scenery: summon butterflies
  6205 | Lair:3   | XOM: fog
  6210 | Lair:3   | Found a gate leading to a gauntlet.
  6220 | Lair:3   | XOM: divination: magic mapping
  6237 | Gauntlet | Entered a Gauntlet
  6237 | Gauntlet | Found a transporter.
  6237 | Gauntlet | Found a runed translucent door.
  6237 | Gauntlet | Found a transporter.
  6243 | Gauntlet | Found a transporter.
  6255 | Gauntlet | Found a transporter.
  6273 | Gauntlet | Found a transporter.
  6273 | Gauntlet | Found a transporter.
  6273 | Gauntlet | Found a transporter.
  6275 | Gauntlet | Found a transporter.
  6276 | Gauntlet | Found a transporter.
  6277 | Gauntlet | Noticed a catoblepas
  6294 | Gauntlet | Found a transporter.
  6304 | Gauntlet | Found a transporter.
  6308 | Gauntlet | Found a runed translucent door.
  6315 | Gauntlet | Found a transporter.
  6332 | Gauntlet | Found a transporter.
  6369 | Gauntlet | Found a transporter.
  6377 | Gauntlet | Found a runed translucent door.
  6408 | Gauntlet | XOM: enchant monster (good)
  6413 | Gauntlet | XOM: summons friendly crimson imp
  6432 | Gauntlet | Reached XP level 14. HP: 82/116 MP: 15/15
  6443 | Gauntlet | Identified the +2 ring mail "Oteataa" {rCorr Int+4}
  6523 | Gauntlet | Identified the +1 pair of gloves "Colaeng" {Regen+ Int+3
                  | Dex-4}
  6682 | Gauntlet | XOM: scenery: create altars
  6744 | Gauntlet | Identified the ring of Lioxkyot {rPois Will+ rCorr}
  6744 | Gauntlet | Noticed a minotaur
  6747 | Gauntlet | Glimpsed the power of Zot.
  6750 | Gauntlet | Killed a minotaur
  6771 | Lair:3   | Learned a level 3 spell: Confusing Touch
  6811 | Lair:3   | XOM: summons 4 friendly demons
  6815 | Lair:3   | Reached skill level 1 in Spellcasting
  6815 | Lair:3   | Reached skill level 1 in Hexes
  6825 | Lair:3   | XOM: 2-stop teleportation journey
  6831 | Lair:3   | XOM: god gift: 47 gold pieces
  6865 | Lair:3   | XOM: cloud trail
  6884 | Lair:3   | Reached skill level 2 in Hexes
  6895 | Lair:3   | XOM: potion effect (berserk rage)
  6903 | Lair:3   | XOM: give mutations
  6903 | Lair:3   | Gained mutation: Your body sometimes deteriorates upon
                  | taking damage. [Xom's mischief]
  6903 | Lair:3   | Gained mutation: Armour fits poorly on your strangely
                  | shaped body. [Xom's mischief]
  6903 | Lair:3   | Lost mutation: You are agile. (Dex +4, Str/Int -1) [Xom's
                  | mischief]
  6903 | Lair:3   | Gained mutation: You occasionally lose the ability to read
                  | scrolls when taking damage. [Xom's mischief]
  7013 | Lair:4   | XOM: give mutations
  7013 | Lair:4   | Gained mutation: You are clumsy. (Dex -2) [Xom's mischief]
  7013 | Lair:4   | Gained mutation: Your mind is acute. (Int +4, Str/Dex -1)
                  | [Xom's mischief]
  7013 | Lair:4   | Lost mutation: You are partially covered in iridescent
                  | scales. (AC +2) [Xom's mischief]
  7013 | Lair:4   | Gained mutation: You are somewhat resistant to further
                  | mutation. [Xom's mischief]
  7020 | Lair:4   | XOM: swap monsters
  7026 | Lair:4   | Reached skill level 3 in Hexes
  7029 | Lair:4   | XOM: scenery: create altars
  7137 | Lair:4   | Found a viscous altar of Jiyva.
  7137 | Lair:4   | Found a staircase to the Slime Pits.
  7142 | Lair:4   | Reached skill level 4 in Hexes
  7206 | Lair:4   | XOM: chaos cloud
  7304 | Lair:5   | Entered Level 5 of the Lair of Beasts
  7304 | Lair:5   | XOM: 2-stop teleportation journey
  7312 | Lair:5   | Reached skill level 5 in Spellcasting
  7312 | Lair:5   | Reached skill level 5 in Hexes
  7427 | Lair:5   | XOM: confusion
  7429 | Lair:5   | XOM: summons friendly crimson imp
  7465 | Lair:5   | Reached skill level 6 in Hexes
  7498 | Lair:5   | Reached skill level 7 in Hexes
  7536 | Lair:5   | Identified the +7 battleaxe "Zout" {vamp, rCorr Int+5}
  7565 | Lair:5   | XOM: polymorph elephant -> two-headed ogre
  7570 | Lair:5   | Reached skill level 8 in Hexes
  7636 | Lair:5   | XOM: give mutations
  7636 | Lair:5   | Gained mutation: You are partially covered in large bone
                  | plates. (SH +4) [Xom's mischief]
  7636 | Lair:5   | Lost mutation: You are partially covered in large bone
                  | plates. (SH +4) [Xom's mischief]
  7659 | Lair:5   | XOM: fog
  7665 | Lair:5   | Reached skill level 9 in Hexes
  7677 | Lair:5   | Reached XP level 15. HP: 78/122 MP: 24/26
  7678 | Lair:5   | XOM: blink monster(s)
  7711 | Lair:5   | XOM: smoke on damage
  7804 | Lair:5   | XOM: silly message
  7810 | Lair:5   | XOM: polymorph dream sheep -> deep troll
  7810 | Lair:5   | XOM: smoke on damage
  7814 | Lair:5   | XOM: blink monster(s)
  7815 | Lair:5   | Reached skill level 10 in Hexes
  7815 | Lair:5   | XOM: enchant monster (bad)
  7817 | Lair:5   | XOM: enchant monster (bad)
  7889 | Lair:5   | Noticed Snorg
  7908 | Lair:5   | Killed Snorg
  7918 | Lair:5   | Learned a level 7 spell: Enfeeble
  7935 | Lair:5   | XOM: summons 2 hostile shadow creatures
  7997 | Lair:5   | XOM: god gift: 2 boomerangs of dispersal
  8012 | Lair:5   | XOM: summons 1 hostile shadow creature
  8041 | Lair:4   | Found a runed translucent gate.
  8049 | Lair:4   | Learned a level 5 spell: Blade Hands
  8049 | Lair:4   | Found a runed translucent gate.
  8050 | Lair:4   | Found a runed translucent gate.
  8051 | Lair:4   | Noticed Atont's ghost (journeyman DDFi)
  8242 | D:12     | Found a glowing silver altar of Zin.
  8256 | D:12     | Noticed an apis
  8270 | D:12     | Killed an apis
  8271 | D:12     | Reached skill level 11 in Hexes
  8485 | D:12     | XOM: enchant monster (good)
  8683 | D:12     | Reached skill level 12 in Hexes
  9045 | D:12     | XOM is BORED!
  9045 | D:12     | XOM: give mutation
  9045 | D:12     | Lost mutation: You are frail. (-10% HP) [Xom's mischief]
  9082 | Orc:1    | Entered Level 1 of the Orcish Mines
  9099 | Orc:1    | XOM: give mutations
  9099 | Orc:1    | Lost mutation: You are clumsy. (Dex -2) [Xom's mischief]
  9099 | Orc:1    | Lost mutation: Your mind is acute. (Int +4, Str/Dex -1)
                  | [Xom's mischief]
  9099 | Orc:1    | Lost mutation: You have a pair of small horns on your head.
                  | [Xom's mischief]
  9099 | Orc:1    | Lost mutation: You occasionally lose the ability to read
                  | scrolls when taking damage. [Xom's mischief]
  9155 | Orc:1    | Found a burning altar of Makhleb.
  9188 | Orc:1    | XOM: enchant monster (good)
  9189 | Orc:1    | XOM: swap monsters
  9205 | Orc:1    | Reached skill level 13 in Hexes
  9208 | Orc:2    | Entered Level 2 of the Orcish Mines
  9208 | Orc:2    | Found Reolifiwe's Magic Scroll Shop.
  9266 | Orc:1    | XOM: confuse monster(s)
  9296 | Orc:1    | XOM: summons friendly white imp
  9342 | Orc:1    | Learned a level 4 spell: Cause Fear
  9346 | Orc:1    | Learned a level 3 spell: Tukima's Dance
  9351 | Orc:1    | Learned a level 4 spell: Leda's Liquefaction
  9373 | Orc:2    | XOM: fake destruction
  9414 | Orc:2    | XOM: cleaving
  9447 | Orc:2    | Found a staircase to the Elven Halls.
  9541 | Orc:2    | XOM: potion effect (curing)
  9590 | Orc:2    | Bought a scroll of acquirement for 624 gold pieces
  9590 | Orc:2    | Bought a scroll of acquirement for 624 gold pieces
  9590 | Orc:2    | Acquired 921 gold pieces
  9591 | Orc:2    | Acquired 721 gold pieces
  9769 | Orc:2    | XOM: silly message
  9770 | Orc:2    | Noticed an orc warlord
  9792 | Orc:2    | Killed an orc warlord
  9800 | Orc:2    | XOM: scenery: 1 doors open, 1 doors close
  9804 | Orc:2    | XOM: noise
  9911 | Orc:2    | XOM: polymorph warg -> shapeshifter
  9917 | Orc:2    | Reached skill level 14 in Hexes
  9923 | Orc:2    | XOM: god gift: wand of quicksilver (5)
  9925 | Orc:2    | XOM: confuse monster(s)
  9928 | Orc:2    | Reached XP level 16. HP: 54/144 MP: 30/30
  9948 | Orc:2    | XOM: enchant monster (bad)
  9964 | Orc:2    | XOM: confusion
 10007 | Orc:2    | XOM: noise
 10041 | Orc:2    | Found Nivetuavyt's Armour Shop.
 10061 | Orc:2    | Found Widgh's Weapon Shoppe.
 10063 | Orc:2    | Found Idocs's Jewellery Shoppe.
 10079 | Orc:2    | Found Xienylop's Armour Shoppe.
 10105 | Orc:2    | Bought an amulet of regeneration for 480 gold pieces
 10105 | Orc:2    | Bought the ring "Cuecw" {rElec Will+ AC+4 Int+4} for 1024
                  | gold pieces
 10142 | Orc:2    | XOM: confusion
 10146 | Orc:2    | XOM: silly message
 10149 | Orc:2    | XOM: polymorph orc knight -> two-headed ogre
 10347 | D:13     | XOM: summons friendly white imp
 10356 | D:13     | XOM: cleaving
 10359 | D:13     | Reached skill level 1 in Transmutations
 10362 | D:13     | Reached skill level 15 in Hexes
 10368 | D:13     | XOM: enchant monster (good)
 10391 | D:13     | XOM: summons friendly shadow imp
 10429 | D:13     | XOM: smoke on damage
 10434 | D:13     | Found a sparkling altar of Nemelex Xobeh.
 10572 | D:13     | XOM: polymorph human -> harpy
 10577 | D:13     | XOM: polymorph harpy -> troll
 10579 | D:13     | XOM: summons friendly crimson imp
 10581 | D:13     | XOM: summons 2 friendly demons
 10592 | D:13     | Reached skill level 10 in Spellcasting
 10626 | D:13     | Found a gate to the Vaults.
 10639 | D:13     | Reached skill level 5 in Transmutations
 10718 | D:13     | XOM: confuse monster(s)
 10839 | D:14     | Noticed Kirke
 10850 | D:14     | Killed Kirke
 10850 | D:14     | XOM: summons 8 friendly demons
 10929 | D:14     | XOM: destruction
 10960 | D:14     | Found a runed translucent gate.
 10960 | D:14     | Found a runed translucent gate.
 10960 | D:14     | Found a runed translucent gate.
 10963 | D:14     | Noticed Maiffull's ghost (journeyman TrMo)
 10963 | D:14     | Noticed an acid blob
 10964 | D:14     | Noticed an acid blob
 10972 | D:14     | Found a viscous altar of Jiyva.
 11006 | D:14     | Noticed Jorgrun
 11012 | D:14     | XOM: cast spell 'Necromutation'
 11017 | D:14     | XOM: scenery: summon butterflies
 11021 | D:14     | Killed Jorgrun
 11084 | D:13     | XOM: confuse monster(s)
 11163 | D:14     | Found Minijueph's General Store.
 11173 | D:14     | Bought a potion of curing for 57 gold pieces
 11245 | D:15     | Entered Level 15 of the Dungeon
 11268 | D:15     | XOM: give mutation
 11268 | D:15     | Gained mutation: Your muscles are strong. (Str +4, Int/Dex
                  | -1) [Xom's grace]
 11338 | D:15     | Found Moihen's Antique Weapon Emporium.
 11356 | D:15     | XOM: fog
 11358 | D:15     | XOM: noise
 11362 | D:15     | Reached XP level 17. HP: 120/150 MP: 28/33
 11363 | D:15     | XOM: cast spell 'Death Channel'
 11376 | D:15     | Reached skill level 10 in Transmutations
 11392 | D:15     | Found Iklauczazi's Antique Armour Boutique.
 11409 | D:15     | Found a staircase to the Depths.
 11454 | D:15     | Found Poromon's Assorted Antiques.
 11458 | D:15     | XOM: scenery: summon butterflies
 11459 | D:15     | XOM: confuse monster(s)
 11462 | D:15     | Bought a potion of heal wounds for 190 gold pieces
 11474 | D:15     | XOM: summons 16 friendly demons
 11551 | D:15     | XOM: enchant monster (good)
 11810 | Snake:1  | Entered Level 1 of the Snake Pit
 11857 | Snake:1  | XOM: divination: detect creatures
 11859 | Snake:1  | XOM: confuse monster(s)
 11865 | Snake:1  | XOM: 5-stop teleportation journey
 11869 | Snake:1  | XOM: 5-stop teleportation journey
 11951 | Snake:1  | XOM: enchant monster (good)
 11954 | Snake:1  | Reached skill level 15 in Fighting
 11965 | Snake:2  | XOM: scenery: create altars
 12029 | Snake:2  | XOM: confuse monster(s)
 12037 | Snake:2  | XOM: scenery: summon butterflies
 12082 | Snake:2  | XOM: cleaving
 12119 | Snake:2  | Noticed Aizul
 12126 | Snake:2  | XOM: cleaving
 12135 | Snake:2  | Killed Aizul
 12181 | Snake:2  | XOM: summons 2 hostile demons
 12205 | Snake:2  | Lost mutation: Your muscles are strong. (Str +4, Int/Dex
                  | -1) [potion of mutation]
 12205 | Snake:2  | Lost mutation: Armour fits poorly on your strangely shaped
                  | body. [potion of mutation]
 12205 | Snake:2  | Lost mutation: Your spells are a little easier to cast, but
                  | a little less powerful. [potion of mutation]
 12205 | Snake:2  | Gained mutation: You possess an exceptional clarity of
                  | mind. [potion of mutation]
 12242 | Snake:2  | XOM: cast spell 'Necromutation'
 12251 | Snake:2  | XOM: summons friendly quasit
 12258 | Snake:2  | XOM: scenery: summon butterflies
 12260 | Snake:2  | Reached skill level 16 in Hexes
 12274 | Snake:2  | Acquired a book of Misfortune
 12282 | Snake:2  | Learned a level 5 spell: Yara's Violent Unravelling
 12338 | Snake:2  | Noticed a tentacled monstrosity
 12354 | Snake:2  | Killed a tentacled monstrosity
 12355 | Snake:2  | XOM: summons 12 friendly demons
 12416 | Snake:3  | Found Toot's Distillery.
 12492 | Snake:2  | Noticed a thorn hunter
 12503 | Snake:2  | XOM: confuse monster(s)
 12513 | Snake:2  | Killed a thorn hunter
 12514 | Snake:2  | Reached skill level 17 in Hexes
 12514 | Snake:2  | Noticed a thorn hunter
 12524 | Snake:2  | XOM: summons friendly shadow imp
 12527 | Snake:2  | Killed a thorn hunter
 12531 | Snake:2  | Gained mutation: You passively map a large area around you.
                  | [Meteoran growth]
 12531 | Snake:2  | Reached XP level 18. HP: 58/163 MP: 26/34
 12589 | Snake:2  | Reached skill level 18 in Hexes
 12589 | Snake:2  | Reached XP level 19. HP: 170/170 MP: 35/35
 12748 | Snake:3  | Got Dispater's Discourse on Accomplices
 12776 | Snake:3  | XOM: fog
 12799 | Snake:3  | Reached skill level 19 in Hexes
 12806 | Snake:3  | XOM: potion effect (curing)
 12824 | Snake:2  | XOM: give mutations
 12824 | Snake:2  | Gained mutation: Your mind is acute. (Int +4, Str/Dex -1)
                  | [Xom's grace]
 12824 | Snake:2  | Gained mutation: You are partially covered in iridescent
                  | scales. (AC +2) [Xom's grace]
 12824 | Snake:2  | Gained mutation: You are somewhat resistant to both further
                  | mutation and mutation removal. [Xom's grace]
 12877 | Snake:3  | XOM: blink monster(s)
 12881 | Snake:3  | XOM: confuse monster(s)
 12911 | Snake:3  | XOM: summons friendly crimson imp
 12921 | Snake:3  | XOM: snakes to sticks
 12923 | Snake:3  | XOM: enchant monster (good)
 12973 | Snake:3  | XOM: silly message
 13004 | Snake:2  | XOM: cast spell 'Call Canine Familiar'
 13049 | Snake:3  | XOM: 5-stop teleportation journey
 13070 | Snake:3  | Identified the -1 buckler "Meinkar" {+Blink rPois Dex+2
                  | Slay+5}
 13100 | Snake:3  | XOM: silly message
 13189 | Snake:4  | Entered Level 4 of the Snake Pit
 13193 | Snake:4  | Found a transporter.
 13196 | Snake:4  | Noticed Zibatyor's ghost (journeyman MiFi)
 13221 | Snake:4  | Reached skill level 20 in Hexes
 13231 | Snake:4  | Learned a level 8 spell: Discord
 13254 | Snake:4  | Found a transporter.
 13300 | Snake:4  | XOM: give mutations
 13300 | Snake:4  | Lost mutation: You are partially covered in iridescent
                  | scales. (AC +2) [Xom's mischief]
 13300 | Snake:4  | Lost mutation: Your body sometimes deteriorates upon taking
                  | damage. [Xom's mischief]
 13300 | Snake:4  | Gained mutation: Your spells are a little harder to cast,
                  | but a little more powerful. [Xom's mischief]
 13305 | Snake:4  | XOM: enchant monster (bad)
 13490 | Snake:4  | XOM: noise
 13504 | Snake:4  | XOM: give mutations
 13504 | Snake:4  | Gained mutation: You occasionally lose the ability to read
                  | scrolls when taking damage. [Xom's mischief]
 13504 | Snake:4  | Gained mutation: Armour fits poorly on your strangely
                  | shaped body. [Xom's mischief]
 13577 | Snake:4  | XOM: swap monsters
 13597 | Snake:4  | XOM: potion effect (curing)
 13602 | Snake:4  | XOM: potion effect (curing)
 13604 | Snake:4  | XOM: smoke on damage
 13605 | Snake:4  | XOM: summons 1 hostile demon
 13770 | Snake:4  | XOM: chaos upgrade
 13799 | Snake:4  | XOM: give mutations
 13799 | Snake:4  | Lost mutation: Your mind is acute. (Int +4, Str/Dex -1)
                  | [Xom's mischief]
 13799 | Snake:4  | Lost mutation: Your spells are a little harder to cast, but
                  | a little more powerful. [Xom's mischief]
 13799 | Snake:4  | Gained mutation: You are weak. (Str -2) [Xom's mischief]
 13799 | Snake:4  | Lost mutation: You occasionally lose the ability to read
                  | scrolls when taking damage. [Xom's mischief]
 13817 | Snake:4  | Noticed Vashnia
 13825 | Snake:4  | Vashnia changed into Vashnia the alligator snapping turtle
 13825 | Snake:4  | Noticed Vashnia
 13825 | Snake:4  | XOM: polymorph Vashnia -> Vashnia the alligator snapping
                  | turtle
 13843 | Snake:4  | Killed Vashnia the alligator snapping turtle
 13860 | Snake:4  | XOM: confuse monster(s)
 13872 | Snake:4  | XOM: destruction
 13875 | Snake:4  | XOM: potion effect (brilliance)
 13894 | Snake:4  | Got a serpentine rune of Zot
 14021 | Snake:1  | Reached XP level 20. HP: 166/180 MP: 37/37
 14179 | Snake:1  | Glimpsed the power of Zot.
 14199 | Snake:1  | XOM: cast spell 'Metabolic Englaciation'
 14209 | Snake:1  | Reached skill level 10 in Armour
 14289 | Shoals:1 | Entered Level 1 of the Shoals
 14333 | Shoals:1 | Found Jeeklah's Magic Scroll Shop.
 14341 | Shoals:1 | Bought a scroll of enchant armour for 105 gold pieces
 14341 | Shoals:1 | Bought a scroll of blinking for 105 gold pieces
 14341 | Shoals:1 | Bought a scroll of magic mapping for 105 gold pieces
 14343 | Shoals:1 | XOM: god gift: 32 gold pieces
 14347 | Shoals:1 | XOM: give mutations
 14347 | Shoals:1 | Gained mutation: Your body sometimes deteriorates upon
                  | taking damage. [Xom's mischief]
 14347 | Shoals:1 | Lost mutation: You possess an exceptional clarity of mind.
                  | [Xom's mischief]
 14347 | Shoals:1 | Gained mutation: You have large cloven feet. [Xom's
                  | mischief]
 14394 | Shoals:2 | Found a frozen archway.
 14411 | IceCv    | Entered an ice cave
 14534 | IceCv    | XOM: summons 4 friendly demons
 14570 | IceCv    | XOM: enchant monster (bad)
 14589 | IceCv    | Learned a level 5 spell: Irradiate
 14653 | IceCv    | Reached skill level 1 in Conjurations
 14702 | IceCv    | XOM: silly message
 14809 | IceCv    | XOM: give mutations
 14809 | IceCv    | Gained mutation: You have a pair of small horns on your
                  | head. [Xom's mischief]
 14809 | IceCv    | Lost mutation: Armour fits poorly on your strangely shaped
                  | body. [Xom's mischief]
 14809 | IceCv    | Gained mutation: Your body often deteriorates upon taking
                  | damage. [Xom's mischief]
 14903 | Shoals:2 | Found a transporter.
 14905 | Shoals:2 | Noticed Dacluamp's ghost (adept DsCj)
 14908 | Shoals:2 | Found a transporter.
 14916 | Shoals:2 | Noticed Mlioglotl
 14925 | Shoals:2 | Killed Mlioglotl
 14957 | Shoals:2 | XOM: confuse monster(s)
 14958 | Shoals:2 | Killed Dacluamp's ghost
 15047 | Shoals:2 | Noticed Nikola
 15050 | Shoals:2 | XOM: blink monster(s)
 15054 | Shoals:2 | Killed Nikola
 15059 | Shoals:2 | XOM: stat loss: -1 Dex (7/9)
 15078 | Shoals:2 | Found a transporter.
 15088 | Shoals:2 | Found a transporter.
 15094 | Shoals:2 | Found a transporter.
 15095 | Shoals:2 | Found a transporter.
 15100 | Shoals:2 | Found a transporter.
 15100 | Shoals:2 | Found a transporter.
 15101 | Shoals:2 | Noticed Ilsuiw
 15102 | Shoals:2 | Noticed Louise
 15109 | Shoals:2 | Killed Louise
 15120 | Shoals:2 | XOM: stat loss: -1 Int (21/22)
 15125 | Shoals:2 | XOM: cast spell 'Olgreb's Toxic Radiance'
 15136 | Shoals:2 | Killed Ilsuiw
 15225 | Shoals:3 | Reached skill level 5 in Conjurations
 15300 | Shoals:3 | XOM: give mutation
 15300 | Shoals:3 | Gained mutation: Armour fits poorly on your strangely
                  | shaped body. [Xom's mischief]
 15307 | Shoals:3 | XOM: stat loss: -1 Int (21/22)
 15326 | Shoals:4 | Entered Level 4 of the Shoals
 15326 | Shoals:4 | Found a runed translucent gate.
 15326 | Shoals:4 | Found a runed translucent gate.
 15326 | Shoals:4 | Found a runed translucent gate.
 15334 | Shoals:4 | XOM: polymorph sea snake -> slime creature
 15349 | Shoals:4 | XOM: confusion
 15375 | Shoals:4 | XOM: chaos upgrade
 15380 | Shoals:4 | XOM: cast spell 'Disjunction'
 15382 | Shoals:4 | XOM: summons 5 friendly demons
 15463 | Shoals:4 | Noticed Polyphemus
 15565 | Shoals:4 | Got a barnacled rune of Zot
 15628 | Shoals:4 | Reached XP level 21. HP: 169/191 MP: 31/39
 15667 | Shoals:4 | Noticed WLBjork's ghost (journeyman HOMo)
 15698 | Shoals:4 | XOM: destruction
 15701 | Shoals:4 | Reached skill level 1 in Earth Magic
 15709 | Shoals:4 | Reached skill level 1 in Necromancy
 15719 | Shoals:4 | Killed WLBjork's ghost
 15735 | Shoals:4 | Identified the amulet of Qoisit Uliu {Rampage rElec Regen+
                  | rCorr Str-4}
 15837 | Shoals:4 | XOM: divination: detect creatures
 15852 | Shoals:4 | Killed Polyphemus
 16032 | Slime:1  | Entered Level 1 of the Pits of Slime
 16051 | Slime:1  | Gained mutation: You are clumsy. (Dex -2) [a shining eye]
 16073 | Slime:3  | XOM: divination: detect items
 16082 | Slime:3  | Gained mutation: Potions are less effective at restoring
                  | your health. [a shining eye]
 16084 | Slime:3  | XOM: cast spell 'Cause Fear'
 16173 | Slime:4  | XOM: confuse monster(s)
 16176 | Slime:4  | XOM: smoke on damage
 16179 | Slime:5  | XOM: noise
 16179 | Slime:5  | Entered Level 5 of the Pits of Slime
 16201 | Slime:5  | Reached skill level 5 in Earth Magic
 16211 | Slime:5  | Noticed the Royal Jelly
 16236 | Slime:5  | Reached skill level 5 in Necromancy
 16249 | Slime:5  | Reached skill level 10 in Evocations
 16265 | Slime:5  | XOM: summons friendly quasit
 16323 | Slime:5  | XOM: summons 2 friendly demons
 16327 | Slime:5  | XOM: enchant monster (good)
 16403 | Slime:5  | Gained mutation: You are dopey. (Int -2) [a shining eye]
 16446 | Slime:5  | HP: 8/191 [acid (2)]
 16452 | Slime:5  | XOM: divination: magic mapping
 16504 | Slime:5  | Found a viscous altar of Jiyva.
 16519 | Slime:5  | XOM: cloud trail
 16550 | Slime:5  | XOM: divination: detect creatures
 16551 | Slime:5  | Killed the Royal Jelly
 16609 | Slime:5  | XOM: potion effect (might)
 16655 | Slime:5  | Got a slimy rune of Zot
 16657 | Slime:5  | Got the Monograph on Warped Allies
 16662 | Slime:5  | Identified the +1 plate armour of Egiaw {Int-4 Dex+7 Slay+2
                  | SInv}
 16684 | Slime:5  | Got the Directory of Twisted Hurting
 16863 | Slime:4  | XOM: noise
 16868 | Slime:3  | XOM: enchant monster (bad)
 17089 | Vaults:1 | Entered Level 1 of the Vaults
 17115 | Vaults:1 | XOM: 1-stop teleportation journey
 17147 | Vaults:1 | XOM: noise
 17151 | Vaults:1 | XOM: potion effect (heal wounds)
 17157 | Vaults:1 | Reached XP level 22. HP: 155/199 MP: 3/40
 17248 | Vaults:1 | XOM: god gift: potion of curing
 17260 | Vaults:1 | XOM: summons friendly ufetubus
 17292 | Vaults:1 | XOM: polymorph lindwurm -> mana viper
 17345 | Vaults:1 | XOM: 9-stop teleportation journey
 17352 | Vaults:1 | XOM: confuse monster(s)
 17384 | Vaults:2 | XOM: cast spell 'Statue Form'
 17470 | Vaults:2 | XOM: divination: detect items
 17489 | Vaults:2 | Reached skill level 10 in Earth Magic
 17517 | Vaults:2 | Learned a level 5 spell: Borgnjor's Vile Clutch
 17526 | Vaults:2 | Reached skill level 1 in Shields
 17629 | Vaults:2 | XOM: potion effect (heal wounds)
 17809 | Vaults:2 | Reached skill level 5 in Shields
 17822 | Vaults:2 | XOM: potion effect (brilliance)
 17859 | Vaults:2 | XOM: potion effect (heal wounds)
 17872 | Vaults:2 | Noticed Mara
 17874 | Vaults:2 | Slain by Mara

Illustrated notes

Levels and vault maps discovered:
D:1:      evilmike_arrival_come_back, layout_rooms,
          shapermc_ecumenical_altar_gd, minmay_misc_feat_square
D:2:      layout_loops_cross
D:3:      layout_rooms, kiku_gazebo_pond_becter
D:4:      layout_layer_cave, kennysheep_slug_shrine, kennysheep_generic_room_14
D:5:      layout_loops_cross, okawaru_altar_gauntlet_db, old_standard_altar,
          minivault_23, uniq_grinder
D:6:      layout_basic, grunt_temple_overflow_order_and_chaos_1,
          riverfiend_overflow_shadow_ancestor, lemuel_round_altar,
          elyvilon_altar_5, mainiacjoe_overflow_chevrons, uniq_menkaure
D:7:      layout_layer_cave, nicolae_overflow_crystal_walls,
          minmay_temple_entry_statues, serial_park_tiny_pond
D:8:      layout_gridville, lemuel_doored_altar, mainiacjoe_overflow_boulevard,
          minmay_fountain_box, nicolae_hexahallways
D:9:      layout_small_grid, serial_shops, nicolae_shop_crystal
D:10:     layout_rooms, lemuel_mausoleum_altar_yredelemnul, lair_entry_dummy,
          doesnt_shop_hydraphobe, uniq_josephine, uniq_maurice
D:11:     layout_irregular_city, zombieorc2_lemuel
D:12:     dreamdust_under_siege, layout_gridville
D:13:     layout_basic, grunt_vaults_entry_tiered,
          nemelex_xobeh_ov_fountains_minmay
D:14:     layout_irregular_city, serial_shops, shop, hex_medium,
          gammafunk_ghost_ooze, skrybe_limestone_x,
          hangedman_decor_clover_reticule, uniq_jorgrun, uniq_kirke
D:15:     gammafunk_depths_entry_grave, layout_cave_pools, serial_shops, shop,
          nicolae_shop_window_shopping,
          nicolae_shop_temple_entry_statues_fountains,
          nicolae_concentric_dashed_squares_mild
Lair:1:   layout_regular_city, infiniplex_staircase_pool_2
Lair:2:   hangedman_what_comes_after_a, layout_regular_city,
          minmay_shoals_entry_lonely_mermaid, lemuel_fruit_tree,
          serial_bayou_shore_a
Lair:3:   layout_hall_layers, gauntlet_entry_generic
Lair:4:   layout_loops_ring, minmay_slime_entry_pillars,
          gammafunk_ghost_hydra_chop
Lair:5:   grunt_lair_end_beastmaster, layout_small_grid,
          chequers_serial_rivers_micro_a, grunt_forest_stairs_basic, uniq_snorg
Shoals:1: layout_shoals, serial_shops,
          nicolae_shop_temple_entry_statues_fountains
Shoals:2: layout_shoals, gammafunk_ghost_arena,
          portal_ice_cave_entry_pillars_three, serial_nicolae_subway,
          nicolae_sub_station_stone, nicolae_sub_station_metal,
          nicolae_sub_station_crystal, uniq_ilsuiw, uniq_louise, uniq_mlioglotl,
          uniq_nikola
Shoals:3: layout_shoals, serial_shops, nicolae_diamond_shop
Shoals:4: shoals_end_grunt_ice, layout_shoals, gammafunk_ghost_necromancy,
          uniq_polyphemus
Snake:1:  layout_misc_corridors, nicolae_triple_integral
Snake:2:  onia_ninara_swampy_vault, layout_layer_cave, uniq_aizul
Snake:3:  layout_rooms, serial_shops, nicolae_stop_n_shop_2,
          guppyfry_snake_island, serial_bayou_shore_b, grunt_megastairs_3
Snake:4:  grunt_snake_rune_serpentine_throne, layout_cave_town,
          gammafunk_ghost_arena, uniq_vashnia
Slime:1:  layout_caves, nicolae_slime_barrier
Slime:2:  layout_caves
Slime:3:  layout_caves, cheibrodos_slime_lost_civilization_6
Slime:4:  layout_caves
Slime:5
Orc:1:    layout_caves, basic_altar
Orc:2:    hellmonk_orc_salted, layout_diamond_mine, serial_shops,
          nicolae_shop_temple_entry_statues_fountains
Vaults:1: nicolae_vaults_big_ls, hangedman_vaults_slice,
          nicolae_vaults_stairing_the_circle, hangedman_vaults_stitches,
          ontoclasm_vaults_idyll, v_pattern_1,
          hangedman_vaults_stretched_pinwheel, v_misc_14, nicolae_vaults_theta,
          vaults_dpeg_emergency_exit, grunt_vaults_hallway_short,
          hangedman_vaults_stretched_pinwheel, layout_vaults_ring
Vaults:2: ontoclasm_vaults_bender, nicolae_vaults_network_quincunx
          [nicolae_vaults_network_quincunx_subvault,
          nicolae_vaults_network_quincunx_subvault,
          nicolae_vaults_network_quincunx_subvault,
          nicolae_vaults_network_quincunx_subvault,
          nicolae_vaults_network_quincunx_subvault], hangedman_vaults_corner,
          vaults_dpeg_cross, hangedman_vaults_impose, v_rooms_5,
          vaults_mumra_lcd, nicolae_vaults_murderbox, v_pattern_5,
          ontoclasm_vaults_idyll, nicolae_vaults_disjoint_gnomons,
          ontoclasm_vaults_ligature, ontoclasm_vaults_fault,
          vaults_room_door_hall, layout_vaults_omnibox, uniq_mara
Vaults:3: serial_ice_g, minmay_crypt_entry_simple_box,
          nicolae_vaults_what_the_h, ontoclasm_vaults_ring_small,
          hangedman_vaults_impose, vaults_room_fancy_cross, v_misc_2,
          nicolae_vaults_yaktaur_gun_rack, v_alt_pattern_3, vaults_dpeg_hooks,
          hangedman_vaults_cutoff, layout_vaults_maze_snakey

Skill      XL: |  1  2  3  4  5  6  7  8  9 10 11 12 13 14 15 16 17 18 19 20 21 22 |
---------------+-------------------------------------------------------------------+-----
Unarmed Combat | 4 5 6 7 8 10 12 13 14 16 17 | 17.0
Fighting       | 4 6 7 8 10 11 12 13 15 17 | 17.0
Evocations     | 3 4 6 8 10 | 10.0
Armour         | 6 8 9 11 | 11.0
Dodging        | 2 6 11 | 11.0
Spellcasting   | 7 9 11 12 13 | 13.0
Hexes          | 9 14 15 17 18 20 | 20.7
Transmutations | 9 10 | 10.0
Conjurations   | 8 |  8.0
Earth Magic    | 8 10 | 10.1
Necromancy     | 7 9 |  9.3
Shields        | 7 |  7.5

Action                   |  1- 3 |  4- 6 |  7- 9 | 10-12 | 13-15 | 16-18 | 19-21 | 22-24 || total
-------------------------+-------+-------+-------+-------+-------+-------+-------+-------++-------
Melee: Unarmed           |    99 |    70 |   295 |   565 |  1096 |   544 |   781 |   107 ||  3557
       Punch             |     2 |     1 |     7 |    54 |   117 |    84 |   110 |    15 ||   390
       Whip              |       |    24 |       |       |       |       |       |       ||    24
       Headbutt          |       |       |       |    20 |   192 |       |   111 |    33 ||   356
       Battleaxe         |       |       |       |       |     3 |       |       |       ||     3
       Kick              |       |       |       |       |       |       |       |     2 ||     2
 Cast: Confusing Touch   |       |       |       |       |     4 |       |       |       ||     4
       Enfeeble          |       |       |       |       |     3 |    29 |    34 |       ||    66
       Cause Fear        |       |       |       |       |     3 |     9 |    14 |       ||    26
       Tukima's Dance    |       |       |       |       |     1 |     6 |    11 |       ||    18
       Leda's Liquefacti |       |       |       |       |     1 |     2 |     4 |     1 ||     8
       Blade Hands       |       |       |       |       |       |    16 |    44 |     9 ||    69
       Discord           |       |       |       |       |       |       |    56 |    10 ||    66
       Yara's Violent Un |       |       |       |       |       |       |    26 |     2 ||    28
       Irradiate         |       |       |       |       |       |       |    17 |     3 ||    20
       Borgnjor's Vile C |       |       |       |       |       |       |       |     2 ||     2
 Abil: End Transformatio |       |       |       |       |       |     3 |    23 |     5 ||    31
Evoke: Wand              |       |     1 |     3 |    14 |     9 |       |     4 |       ||    31
       Piece from Xom's  |       |     1 |       |     2 |     3 |       |       |       ||     6
       Phial of floods   |       |       |       |     1 |     1 |       |     1 |       ||     3
       Phantom mirror    |       |       |       |       |     4 |       |     1 |       ||     5
       Lightning rod     |       |       |       |       |       |     1 |       |       ||     1
  Use: Scroll            |       |       |    16 |     7 |     6 |     7 |    15 |     1 ||    52
       Potion            |       |       |     4 |       |     6 |     6 |    17 |       ||    33
 Stab: Confused          |       |       |     1 |     7 |     7 |     4 |     1 |       ||    20
       Paralysed         |       |       |       |     1 |     1 |     2 |     3 |       ||     7
       Petrified         |       |       |       |     8 |     9 |     5 |     2 |       ||    24
       Distracted        |       |       |       |     3 |     2 |     2 |     1 |       ||     8
       Invisible         |       |       |       |       |       |    24 |    24 |       ||    48
       Sleeping          |       |       |       |       |       |       |     1 |       ||     1
       Petrifying        |       |       |       |       |       |       |     1 |       ||     1
Armor: Leather armour    |    45 |    56 |   131 |    23 |       |    60 |       |       ||   315
       Acid dragon scale |       |       |       |   204 |    98 |       |       |       ||   302
       Skin              |       |       |       |       |    37 |       |       |     1 ||    38
       Ring mail         |       |       |       |       |   248 |    11 |       |       ||   259
       Troll leather arm |       |       |       |       |       |   120 |       |       ||   120
       Swamp dragon scal |       |       |       |       |       |       |   257 |       ||   257
       Scale mail        |       |       |       |       |       |       |   178 |    70 ||   248
Dodge: Dodged            |    50 |    43 |   125 |   246 |   504 |   290 |   398 |    48 ||  1704
Block: Other             |       |       |    53 |   112 |   216 |    10 |       |       ||   391
       Reflection        |       |       |       |     6 |     2 |       |       |       ||     8

Table legend: (Time is in decaauts)
 A = Elapsed time spent in this place.
 B = Non-inter-level travel time spent in this place.
 C = Inter-level travel time spent in this place.
 D = Time resting spent in this place.
 E = Time spent auto-exploring this place.
 F = Levels seen in this place.
 G = Mean time per level.
                   A        B        C        D        E       F      G
               +--------+--------+--------+--------+--------+-----+--------+
         Total |  17171 |  15316 |   1855 |    144 |    141 |  40 |  429.3 |
       Dungeon |   7633 |   6596 |   1037 |      0 |      0 |  15 |  508.9 |
          Lair |   2391 |   1943 |    448 |      0 |      0 |   5 |  478.2 |
        Shoals |   1242 |   1155 |     87 |      0 |      0 |   4 |  310.5 |
     Snake Pit |   2340 |   2209 |    131 |      3 |      0 |   4 |  585.0 |
    Slime Pits |    809 |    790 |     19 |      0 |      0 |   5 |  161.8 |
  Orcish Mines |   1032 |    911 |    121 |      0 |      0 |   2 |  516.0 |
        Vaults |    777 |    767 |     10 |      0 |      0 |   3 |  259.0 |
      Ice Cave |    428 |    428 |      0 |      0 |      0 |   1 |  428.0 |
      Gauntlet |    515 |    515 |      0 |    141 |    141 |   1 |  515.0 |
               +--------+--------+--------+--------+--------+-----+--------+

Top non-repeatable levels by time:
    D:12: 847 daAuts
 Snake:2: 841 daAuts
   Orc:2: 771 daAuts
  Lair:2: 743 daAuts
    D:10: 698 daAuts
    D:11: 683 daAuts
    D:13: 662 daAuts
 Snake:4: 647 daAuts
  Lair:5: 646 daAuts
     D:8: 632 daAuts
 Slime:5: 572 daAuts
Shoals:4: 548 daAuts
     D:9: 516 daAuts
Gauntlet: 515 daAuts
     D:4: 512 daAuts
